 Seeded DCSS version 0.31-a0-496-g6f97920a28 (webtiles) character file.

Game seed: 7415222406553760909 (custom seed)

1797 innerfire43 the Mimic (level 8, -3/63 HPs)
             Began as a Demonspawn Monk on Aug 8, 2023.
             Was a Believer of Okawaru.
             Slain by an orc warrior
             ... wielding a +0 spear
              (12 damage)
             ... in a bailey.
             The game lasted 00:11:46 (5572 turns).

innerfire43 the Mimic (Demonspawn Monk)             Turns: 5572, Time: 00:11:46

Health: -3/63      AC:  9    Str: 15    XL:     8   Next: 83%
Magic:  8/8        EV: 18    Int: 11    God:    Okawaru [**....]
Gold:   243        SH:  0    Dex: 15    Spells: 7/7 levels left

rFire   . .          .
                       - Unarmed
rCold   + . .        c - melded orb {light}
rNeg    + . .        m - +1 robe {rC+}
rPois   +            A - +0 helmet
rElec   .            r - +2 cloak
rCorr   .            p - +1 pair of gloves
SInv    .            (no boots)
Will    .....        t - amulet of faith
Stlth   +            o - ring of poison resistance
HPRegen 0.30/turn    f - ring of positive energy
MPRegen 0.11/turn

%: faith
@: confused, flux-form, ambrosia-drunk, glowing, very slow
A: glow, contaminating, claws 1, spiny 2, robust 1, wild magic 1
a: Begin Untransformation, Renounce Religion, Heroism


You were in a bailey.
You worshipped Okawaru.
Okawaru was pleased with you.
You were something dangerously unstable.
You visited 2 branches of the dungeon, and saw 8 of its levels.
You also visited: Bailey.

You collected 271 gold pieces.
You spent 28 gold pieces at shops.

Inventory:

Armour
 a - a +0 robe
 c - an orb of light (melded)
 m - a +1 robe of cold resistance (worn)
 p - a +1 pair of gloves (worn)
 r - a +2 cloak (worn)
 A - a +0 helmet (worn)
Jewellery
 d - a ring of wizardry
 f - a ring of positive energy (right hand)
 j - a ring of wizardry
 o - a ring of poison resistance (left hand)
 t - an amulet of faith (around neck)
 E - an amulet of magic regeneration
 J - a ring of see invisible
Talismans
 g - a flux talisman (active)
 H - a blade talisman
Wands
 i - a wand of polymorph (15)
 u - a wand of flame (9)
 F - a wand of digging (1)
 G - a wand of acid (10)
Scrolls
 e - 3 scrolls of vulnerability {unknown}
 h - 3 scrolls of teleportation {unknown}
 l - a scroll of poison {unknown}
 n - 3 scrolls of noise {unknown}
 q - 5 scrolls of fog
 s - 7 scrolls of identify
 v - 2 scrolls of fear {unknown}
 w - a scroll of silence {unknown}
 y - a scroll of enchant armour {unknown}
 z - 2 scrolls of blinking {unknown}
 D - a scroll of immolation {unknown}
 I - a scroll of torment {unknown}
Potions
 k - 2 potions of lignification
 x - a potion of might
 B - a potion of cancellation
 C - a potion of degeneration {unknown}


   Skills:
 + Level 3.0 Fighting
 + Level 3.0 Dodging
 - Level 3.0 Unarmed Combat
 + Level 0.0 Spellcasting
 + Level 0.0 Conjurations
 + Level 0.0 Transmutations
 * Level 0.0 Invocations
 * Level 8.6 Shapeshifting


You had 7 spell levels left.
You didn't know any spells.
Your spell library contained the following spells:

 Spells                   Type           Power      Damage    Failure   Level
 Freeze                   Ice            0%         1d3       43%         1
 Wereblood                Tmut           0%         N/A       56%         2
 Frozen Ramparts          Ice            0%         1d1       78%         3
 Hailstorm                Conj/Ice       0%         3d3       78%         3
 Vhi's Electric Charge    Tloc/Air       0%         N/A       78%         3
 Arcjolt                  Conj/Air       0%         1d10      100%        5
 Irradiate                Conj/Tmut      0%         3d11      100%        5
 Plasma Beam              Fire/Air       0%         2x1d10    100%        6


Dungeon Overview and Level Annotations

Branches:
Dungeon (7/15)             Temple (1/1) D:6          Bailey (1/1)

Altars:
Ashenzari
Cheibriados
Dithmenos
Fedhas
Kikubaaqudgha
Makhleb
Nemelex Xobeh
Okawaru
Qazlal
Ru
Sif Muna
Uskayaw
Vehumet
Wu Jian
Xom
Yredelemnul

Shops:
D:1 ?   D:4 (

Annotations:
D:3 2 transporters


Innate Abilities, Weirdness & Mutations

You are something dangerously unstable.
You glow with magical radiation, making you easy to see and hit.
Foes you strike become dangerously contaminated with magical radiation.
You are incapable of wielding weapons or throwing items.
You have sharp fingernails.
You are mostly covered in sharp spines.
You are robust. (+10% HP)
Your spells are a little harder to cast, but a little more powerful.


Message History

Okawaru accepts your kill.
You hear a splash. x2
There are monsters nearby!
You enter the shallow water.
Moving in this stuff is going to be slow.
An orc comes into view. It is wielding a +0 halberd.
The orc shouts!
An orc comes into view. It is wielding a +0 spear.
The orc warrior hits you from afar with a +0 spear!
An orc comes into view. It is wielding a +0 halberd.
The orc shouts!
The orc warrior hits you with a +0 spear.
There are monsters nearby!
You hit the orc warrior but do no damage.
The orc warrior begins to glow.
The orc warrior barely misses you. x2
There are monsters nearby!
Your unstable footing causes you to fumble your attack.
The orc warrior hits you but does no damage.
You hit the orc warrior but do no damage.
The orc warrior glows dangerously bright.
The orc warrior hits you with a +0 spear!
The orc warrior hits you from afar with a +0 trident.
There are monsters nearby!
Your unstable footing causes you to fumble your attack.
The orc hits you but does no damage.
The orc warrior hits you from afar with a +0 trident!
You are too injured to fight recklessly!
Unknown command.
You are confused.
You feel invigorated. The orc hits you but does no damage.
The orc closely misses you.
The orc warrior hits you with a +0 spear!
* * * LOW HITPOINT WARNING * * *
The orc warrior hits you from afar with a +0 trident!
* * * LOW HITPOINT WARNING * * *
Okay, then.
The orc warrior attacks as you move away!
The orc warrior is struck by your spines.
The orc warrior hits you with a +0 spear!
You die...

.~~..##
##.~~..#
#∩.~~..
#.~~.. .#
#.~.. .$.
#.oo# .$$
#.o.######
#.B.o.....
#.~)o~~~~~
#.........
##..######
#..##
##..#
#∩∩## ####


You could see 2 orc warriors and 3 orcs.

Vanquished Creatures
  Pikel (D:5)
  Sigmund (D:5)
  A steam dragon (D:6)
  Edmund (D:5)
  A black bear (D:5)
  An ogre (D:6)
  A lemure (D:6)
  A phantom (D:6)
  A scorpion (D:6)
  4 hounds
  2 jellies (D:4)
  A sleepcap (D:6)
  An orc priest (D:5)
  Ijyb (D:6)
  Crazy Yiuf (D:5)
  3 iguanas
  An orc wizard (D:5)
  Robin (D:2)
  7 adders
  2 shadow imps (D:6)
  2 white imps (D:5)
  An ufetubus (D:6)
  2 worms
  5 dart slugs
  9 orcs
  4 bats
  2 endoplasms
  2 giant cockroaches (D:1)
  19 goblins
  7 hobgoblins
  15 jackals
  8 quokkas
  6 ball pythons
  4 frilled lizards
  6 kobolds
  4 rats
129 creatures vanquished.

Notes
Turn   | Place    | Note
-------+----------+-------------------------------------------
     0 | D:1      | innerfire43 the Demonspawn Monk began the quest for the
                  | Orb.
     0 | D:1      | Reached XP level 1. HP: 18/18 MP: 1/1
    78 | D:1      | Gained mutation: You are partially covered in sharp spines.
                  | [demonic ancestry]
    78 | D:1      | Reached XP level 2. HP: 19/24 MP: 2/2
    95 | D:1      | Reached skill level 1 in Shapeshifting
   255 | D:1      | Reached XP level 3. HP: 24/29 MP: 3/3
   412 | D:1      | Found Onoqawk's Magic Scroll Emporium.
   421 | D:1      | Bought a scroll of identify for 28 gold pieces
  1025 | D:2      | Noticed Robin
  1032 | D:2      | Reached skill level 2 in Shapeshifting
  1213 | D:2      | Reached XP level 4. HP: 8/35 MP: 4/4
  1213 | D:2      | Killed Robin
  1728 | D:2      | Gained mutation: Your spells are a little harder to cast,
                  | but a little more powerful. [potion of mutation]
  1728 | D:2      | Gained mutation: You are robust. (+10% HP) [potion of
                  | mutation]
  2039 | D:3      | Found a shadowy altar of Dithmenos.
  2067 | D:3      | Found a sparkling altar of Nemelex Xobeh.
  2160 | D:3      | Reached skill level 3 in Shapeshifting
  2165 | D:3      | Found a basalt altar of Yredelemnul.
  2165 | D:3      | Noticed an ice beast
  2165 | D:3      | Noticed a bullfrog
  2168 | D:3      | Found a stormy altar of Qazlal.
  2168 | D:3      | Found a hide-covered altar of Uskayaw.
  2168 | D:3      | Found a transporter.
  2205 | D:3      | Found a transporter.
  2312 | D:3      | Reached XP level 5. HP: 45/45 MP: 5/5
  2805 | D:4      | Found Zyerchael's Weapon Shop.
  2877 | D:4      | HP: 2/45 [orc/+0 club (5)]
  2880 | D:4      | Reached skill level 4 in Shapeshifting
  3180 | D:4      | Gained mutation: You are mostly covered in sharp spines.
                  | [demonic ancestry]
  3180 | D:4      | Reached XP level 6. HP: 49/51 MP: 6/6
  3494 | D:5      | Entered Level 5 of the Dungeon
  3536 | D:5      | Noticed Pikel
  3537 | D:5      | Noticed Ijyb
  3538 | D:5      | Noticed Sigmund
  3569 | D:5      | Killed Pikel
  3570 | D:5      | Reached skill level 6 in Shapeshifting
  3570 | D:5      | Reached XP level 7. HP: 49/57 MP: 7/7
  3576 | D:6      | Killed Ijyb
  3594 | D:5      | Killed Sigmund
  3595 | D:5      | Gained mutation: You have sharp fingernails. [demonic
                  | ancestry]
  3595 | D:5      | Reached XP level 8. HP: 48/63 MP: 8/8
  3754 | D:5      | Reached skill level 7 in Shapeshifting
  3962 | D:5      | Noticed Edmund
  3971 | D:5      | Killed Edmund
  4075 | D:5      | Found a runed translucent door.
  4076 | D:5      | Noticed Crazy Yiuf
  4177 | D:5      | Killed Crazy Yiuf
  4439 | D:6      | Reached skill level 8 in Shapeshifting
  4931 | D:6      | Found a staircase to the Ecumenical Temple.
  5344 | Temple   | Entered the Ecumenical Temple
  5384 | Temple   | Became a worshipper of Warmaster Okawaru
  5384 | Temple   | Reached * piety under Okawaru
  5384 | Temple   | Reached ** piety under Okawaru
  5542 | D:7      | Found a flagged portal.
  5558 | Bailey   | Entered a bailey
  5572 | Bailey   | Slain by an orc warrior

Illustrated notes

Levels and vault maps discovered:
D:1:      spicycebolla_green_bress_n_ham_2, layout_rooms, serial_shops, shop,
          minmay_misc_feat_hallway
D:2:      layout_basic, uniq_robin
D:3:      minmay_evil_eye, layout_basic,
          mainiacjoe_overflow_concentric_impassable, lemuel_tele_altar,
          gammafunk_temple_overflow_arena, nemelex_altar_shiori,
          kennysheep_generic_room_6
D:4:      layout_gridville, serial_shops, nicolae_shop_bloodbath_and_beyond,
          minmay_statues_item
D:5:      layout_rooms, uniq_ijyb, uniq_crazy_yiuf_cottage, uniq_edmund,
          uniq_sigmund, uniq_pikel
D:6:      wad_pebble_path, layout_basic, minmay_temple_entry_fiery
D:7:      layout_gridville, enter_bailey_2, minmay_alternating_orb,
          uniq_prince_ribbit1
Temple:   minmay_temple_bridge_abc
Bailey:   bailey_polearm_1, bailey

Skill      XL: |  1  2  3  4  5  6  7  8 |
---------------+-------------------------+-----
Shapeshifting  | 1 2 3 4 6 8 |  8.6
Unarmed Combat | 3 |  3.0
Dodging        | 3 |  3.0
Fighting       | |  3.0

Action                     |  1- 3 |  4- 6 |  7- 9 || total
---------------------------+-------+-------+-------++-------
  Melee: Unarmed           |   110 |   117 |   107 ||   334
    Use: Scroll            |       |     3 |       ||     3
         Potion            |       |     9 |     1 ||    10
 Armour: Robe              |    22 |    43 |    34 ||    99
  Dodge: Dodged            |    81 |    85 |    71 ||   237
   Form: Flux              |       |       |     1 ||     1

Table legend: (Time is in decaauts)
 A = Elapsed time spent in this place.
 B = Non-inter-level travel time spent in this place.
 C = Inter-level travel time spent in this place.
 D = Time resting spent in this place.
 E = Time spent auto-exploring this place.
 F = Levels seen in this place.
 G = Mean time per level.
                   A        B        C        D        E       F      G
               +--------+--------+--------+--------+--------+-----+--------+
         Total |   5557 |   4981 |    576 |      0 |   3830 |   9 |  617.4 |
       Dungeon |   5475 |   4920 |    555 |      0 |   3830 |   7 |  782.1 |
        Temple |     67 |     46 |     21 |      0 |      0 |   1 |   67.0 |
        Bailey |     14 |     14 |      0 |      0 |      0 |   1 |   14.0 |
               +--------+--------+--------+--------+--------+-----+--------+

Top non-repeatable levels by time:
     D:6: 1233 daAuts
     D:2: 1064 daAuts
     D:3: 972 daAuts
     D:4: 867 daAuts
     D:5: 742 daAuts
     D:1: 578 daAuts
  Temple: 67 daAuts
     D:7: 15 daAuts
  Bailey: 14 daAuts
